[Event "Team 45 45 League T68"]
[Site "Internet Chess Club"]
[Date "2016.03.20"]
[Round "2"]
[White "jt2000"]
[Black "frontier"]
[Result "1-0"]
[WhiteElo "2059"]
[BlackElo "1878"]
[Opening "French: Chigorin variation"]
[ECO "C00"]
[Time "19:03:53"]
[TimeControl "2700+45"]

1. e4 e6 2. Qe2 c5 3. g3 Nc6 4. Nf3 d6 5. Bg2 g6 6. O-O Bg7 7. d3 Nge7 8. c3 O-O
9. Be3 f5 10. Nfd2 Qc7 11. f4 Rb8 12. Bf2 b5 13. Rc1 b4 14. Nf1 a5 15. Rc2 Ba6
16. Nbd2 bxc3 17. bxc3 Nb4 18. cxb4 Bxa1 19. bxc5 dxc5 20. Nb3 c4 21. Nxa1 cxd3
22. Qxd3 Bxd3 23. Rxc7 Rb1 24. Rxe7 Rd8 25. Nb3 Bxf1 26. Bxf1 a4 27. Nd4 fxe4
28. Nxe6 Rdd1 29. Bd4 Rxf1+ 30. Kg2 Rfd1 31. Rg7+ Kh8 32. Rf7+ {Black resigns}
1-0

[Event "Team 45 45 League T68"]
[Site "Internet Chess Club"]
[Date "2016.03.17"]
[Round "2"]
[White "alegro"]
[Black "jonesey"]
[Result "0-1"]
[WhiteElo "1957"]
[BlackElo "2006"]
[Opening "Ruy Lopez: closed, anti-Marshall 8.a4"]
[ECO "C88"]
[Time "10:30:13"]
[TimeControl "2700+45"]

1. e4 e5 2. Nf3 Nc6 3. Bb5 a6 4. Ba4 Nf6 5. O-O Be7 6. Re1 b5 7. Bb3 O-O 8. a4
Bb7 9. c3 d5 10. axb5 axb5 11. Rxa8 Bxa8 12. exd5 Nxd5 13. d4 exd4 14. Nxd4 Nxd4
15. Qxd4 c5 16. Qg4 c4 17. Bc2 Re8 18. Nd2 Nf6 19. Qf5 Bd6 20. Rxe8+ Qxe8 21.
Nf1 Qc6 22. f3 g6 23. Qg5 h6 24. Qxh6 Ng4 25. Qg5 Qc5+ 26. Be3 Qxg5 27. Bxg5
Bc5+ {White resigns} 0-1

[Event "Team 45 45 League T68"]
[Site "Internet Chess Club"]
[Date "2016.03.25"]
[Round "2"]
[White "AH2012"]
[Black "LazyPeon"]
[Result "0-1"]
[WhiteElo "1656"]
[BlackElo "1757"]
[Opening "Sicilian defense"]
[ECO "B44"]
[Time "13:55:44"]
[TimeControl "2700+45"]

1. e4 c5 2. Nf3 e6 3. d4 cxd4 4. Nxd4 Nc6 5. Be2 Qc7 6. Be3 a6 7. a3 Nf6 8. Nc3
Be7 9. f3 O-O 10. Qd2 b5 11. Nb3 Ne5 12. Bf4 d6 13. O-O-O Bb7 14. g4 Rfd8 15. g5
Nh5 16. Be3 Nc4 17. Bxc4 Qxc4 18. Bb6 Rdc8 19. Nc5 dxc5 20. b3 Qd4 21. Qe1 Bxg5+
22. Kb2 Qe5 23. Qf2 b4 24. axb4 cxb4 25. Bd4 bxc3+ 26. Kb1 Qa5 27. Rhg1 Bf6 28.
Bxf6 Nxf6 29. Qg3 g6 30. Qh4 Qa3 31. Qxf6 Qb2# {White checkmated} 0-1

[Event "Team 45 45 League T68"]
[Site "Internet Chess Club"]
[Date "2016.03.17"]
[Round "2"]
[White "Zugzwanged"]
[Black "burnsy"]
[Result "1-0"]
[WhiteElo "1669"]
[BlackElo "1595"]
[Opening "Sicilian: closed"]
[ECO "B23"]
[Time "21:00:50"]
[TimeControl "2700+45"]

1. e4 c5 2. Nc3 g6 3. f4 Nc6 4. Nf3 d6 5. Bb5 Bd7 6. O-O Bg7 7. d3 Bxc3 8. bxc3
c4 9. Bxc4 Na5 10. Bb3 Nf6 11. Qe1 Nxb3 12. axb3 Qc7 13. c4 O-O 14. e5 dxe5 15.
fxe5 Nh5 16. Qh4 f6 17. Bb2 Bc6 18. exf6 Bxf3 19. Rxf3 Nxf6 20. Raf1 Rf7 21.
Bxf6 exf6 22. Rxf6 Raf8 23. Rxf7 Rxf7 24. Rxf7 Qxf7 25. Qf2 Qe6 26. Kf1 Qe5 27.
g3 b6 28. d4 Qg5 29. d5 Qg4 30. Qe2 Qg5 31. b4 Qf6+ 32. Kg2 Qc3 33. d6 Qxb4 34.
d7 Qf8 35. Qe8 {Black resigns} 1-0

[Event "Team 45 45 League T68"]
[Site "Internet Chess Club"]
[Date "2016.03.16"]
[Round "2"]
[White "tuantuan"]
[Black "idjit"]
[Result "0-1"]
[WhiteElo "1465"]
[BlackElo "1547"]
[Opening "Sicilian: O'Kelly variation"]
[ECO "B28"]
[Time "17:01:03"]
[TimeControl "2700+45"]

1. e4 c5 2. Nf3 a6 3. d4 cxd4 4. Nxd4 Nf6 5. Nc3 e5 6. Nb3 Bb4 7. Be2 Nxe4 8.
O-O Bxc3 9. bxc3 Nxc3 10. Qd3 Nxe2+ 11. Qxe2 Nc6 12. Bb2 d6 13. f4 O-O 14. fxe5
dxe5 15. Rad1 Qb6+ 16. Kh1 f6 17. Ba3 Re8 18. Bc5 Qc7 19. Qh5 Be6 20. Rf3 Qf7
21. Qh4 Rad8 22. Rff1 Qg6 23. Kg1 Rxd1 24. Rxd1 Bxb3 25. axb3 Qxc2 26. Qc4+ Qxc4
27. bxc4 Rd8 28. Rb1 Rd7 29. Be3 Kf7 30. Kf2 Ke6 31. g4 g6 32. g5 f5 33. h4 f4
34. Bb6 e4 35. Re1 Kf5 36. Rg1 Ne5 37. c5 Rd2+ 38. Ke1 Nf3+ {White resigns} 0-1

[Event "Team 45 45 League T68"]
[Site "Internet Chess Club"]
[Date "2016.03.21"]
[Round "2"]
[White "bayoumicardio10"]
[Black "arnav07"]
[Result "1-0"]
[WhiteElo "1519"]
[BlackElo "1508"]
[Opening "Scotch gambit"]
[ECO "C44"]
[Time "18:00:54"]
[TimeControl "2700+45"]

1. e4 e5 2. Nf3 Nc6 3. d4 exd4 4. Bc4 Bc5 5. c3 d3 6. O-O d6 7. b4 Bb6 8. Re1
Nge7 9. Ng5 Ne5 10. Bxd3 O-O 11. Be3 Bg4 12. f3 Bh5 13. Bc2 h6 14. Nh3 Qd7 15.
Nf4 Bg6 16. Bb3 Bh7 17. a4 Bxe3+ 18. Rxe3 N7g6 19. Nxg6 Bxg6 20. Na3 a6 21. c4
c5 22. bxc5 dxc5 23. Qxd7 Nxd7 24. Rd1 Ne5 25. Rd5 Nc6 26. Rxc5 f6 27. Rd5 Rfd8
28. Red3 Rdc8 29. Rd7 Ne5 30. R3d6 Nxd7 31. Rxd7 Rab8 32. c5+ Kh7 33. Nc4 Rxc5
34. Nd6 Rc1+ 35. Kf2 Rb1 36. Bd5 b5 37. axb5 axb5 38. g4 b4 39. f4 Be8 40. Re7
Ba4 41. Nf5 Kh8 42. Rxg7 b3 43. Rg6 Kh7 44. Rxh6# {Black checkmated} 1-0

[Event "Team 45 45 League T68"]
[Site "Internet Chess Club"]
[Date "2016.03.20"]
[Round "2"]
[White "Goli"]
[Black "zepled37"]
[Result "1/2-1/2"]
[WhiteElo "1720"]
[BlackElo "1714"]
[Opening "Sicilian: Alapin's variation (2.c3)"]
[ECO "B22"]
[Time "19:07:55"]
[TimeControl "2700+45"]

1. e4 c5 2. c3 d5 3. exd5 Qxd5 4. d4 Nc6 5. Nf3 Bg4 6. Be2 cxd4 7. cxd4 e6 8.
O-O Nf6 9. h3 Bh5 10. Nc3 Qa5 11. a3 Be7 12. Be3 O-O 13. b4 Qd8 14. Rc1 a6 15.
Qd2 Rc8 16. Rfd1 Nd5 17. Nxd5 Qxd5 18. Qb2 Rfd8 19. Kf1 Na7 20. Kg1 Rxc1 21.
Rxc1 Rc8 22. Rxc8+ Nxc8 23. Qc2 Qd8 24. Ne5 Bxe2 25. Qxe2 Nb6 26. Qf3 f6 27. Nd3
Qd5 28. Qxd5 Nxd5 29. Bd2 b6 30. Nf4 Nxf4 31. Bxf4 a5 32. bxa5 bxa5 33. a4 Bb4
34. Kf1 Kf8 35. Ke2 Ke7 36. Kd3 Kd7 37. Kc4 Kc6 38. Be3 Be1 39. g4 g6 40. f4 f5
41. gxf5 gxf5 42. Bc1 Bb4 {Game drawn by mutual agreement} 1/2-1/2

[Event "Team 45 45 League T68"]
[Site "Internet Chess Club"]
[Date "2016.03.20"]
[Round "2"]
[White "justice02"]
[Black "Egmont"]
[Result "1-0"]
[WhiteElo "1643"]
[BlackElo "1688"]
[Opening "French: advance variation"]
[ECO "C02"]
[Time "10:00:26"]
[TimeControl "2700+45"]

1. e4 e6 2. d4 d5 3. e5 c5 4. c3 Qb6 5. Bd3 Bd7 6. Nf3 Bb5 7. O-O Bxd3 8. Qxd3
Nc6 9. a3 cxd4 10. cxd4 Nge7 11. Nc3 Nf5 12. Rd1 Rc8 13. Nxd5 exd5 14. Qxf5 Ne7
15. Qh3 Qe6 16. Qxe6 fxe6 17. Ng5 Kd7 18. Nf7 Rg8 19. Nd6 Rc7 20. Nb5 Rc4 21.
Nxa7 Nf5 22. Nb5 Be7 23. b3 Rc2 24. g4 Nh4 25. Be3 Rgc8 26. Rdc1 Bg5 27. Rxc2
Rxc2 28. Bxg5 Nf3+ 29. Kg2 Nxg5 30. Nd6 b6 31. Re1 Rc3 32. h4 Nf3 33. Re3 Nxh4+
34. Kg3 Rxe3+ 35. fxe3 Ng6 36. a4 Kc7 37. Ne8+ Kc6 38. Nxg7 {Black resigns} 1-0

[Event "Team 45 45 League T68"]
[Site "Internet Chess Club"]
[Date "2016.03.19"]
[Round "2"]
[White "whiskeytown"]
[Black "Grenadier"]
[Result "0-1"]
[WhiteElo "1609"]
[BlackElo "1613"]
[Opening "Caro-Kann: Steinitz variation"]
[ECO "B17"]
[Time "15:01:37"]
[TimeControl "2700+45"]

1. e4 c6 2. d4 d5 3. Nc3 dxe4 4. Nxe4 Nd7 5. Bd3 Ndf6 6. c3 Nxe4 7. Bxe4 Nf6 8.
Bf3 Bf5 9. Ne2 e6 10. Ng3 Bg6 11. h4 h6 12. h5 Bh7 13. Qe2 Bd6 14. Ne4 Nxe4 15.
Bxe4 Bxe4 16. Qxe4 Qc7 17. g3 O-O-O 18. Rh4 f5 19. Qf3 Rhf8 20. Bd2 e5 21. dxe5
Bxe5 22. O-O-O Qa5 23. a3 Qd5 24. Qxd5 Rxd5 25. Bf4 Rxd1+ 26. Kxd1 Bf6 27. Rh1
Re8 28. Re1 Rxe1+ 29. Kxe1 Kd7 30. Kd2 Ke6 31. Kd3 b5 32. f3 c5 33. g4 Bg5 34.
Bxg5 hxg5 35. b3 fxg4 36. fxg4 Kd5 37. c4+ bxc4+ 38. bxc4+ Ke5 39. Ke3 a6 40. a4
a5 {White resigns} 0-1

[Event "Team 45 45 League T68"]
[Site "Internet Chess Club"]
[Date "2016.03.27"]
[Round "2"]
[White "GoIrish"]
[Black "HappySong"]
[Result "0-1"]
[WhiteElo "1526"]
[BlackElo "1496"]
[Opening "Réti: King's Indian attack, Yugoslav variation"]
[ECO "A07"]
[Time "20:38:33"]
[TimeControl "2700+45"]

1. Nf3 d5 2. g3 c6 3. Bg2 Nf6 4. O-O Bg4 5. d3 Nbd7 6. Nbd2 e6 7. h3 Bh5 8. Qe1
Bd6 9. e4 dxe4 10. dxe4 e5 11. Nc4 Qe7 12. Nxd6+ Qxd6 13. Bg5 O-O 14. Rd1 Qc7
15. g4 Bg6 16. Nd2 h6 17. Bh4 Bh7 18. Bg3 c5 19. Nc4 b5 20. Nd6 a6 21. Nf5 Nb8
22. Qc3 Re8 23. Qe3 c4 24. Bh4 Nfd7 25. g5 h5 26. Qf3 Bg6 27. Ng3 Nc6 28. c3 Nf8
29. Nxh5 Ne6 30. Ng3 Nf4 31. Ne2 Bh5 32. Qe3 Bxe2 33. Bg3 Bxd1 34. Rxd1 Ng6 35.
h4 Rad8 36. Bf3 Rxd1+ 37. Bxd1 Rd8 38. Qf3 Rd3 39. Qg4 Qd7 40. Qxd7 Rxd7 41. Bg4
Rd2 42. h5 Nf4 43. Bc8 Nxh5 44. Bxa6 Nxg3 45. fxg3 Rxb2 46. Bb7 Nd8 {White
resigns} 0-1

[Event "Team 45 45 League T68"]
[Site "Internet Chess Club"]
[Date "2016.03.22"]
[Round "2"]
[White "NAS"]
[Black "Packerfan"]
[Result "0-1"]
[WhiteElo "1676"]
[BlackElo "1766"]
[Opening "Budapest: Fajarowicz variation"]
[ECO "A51"]
[Time "14:03:37"]
[TimeControl "2700+45"]

1. d4 Nf6 2. c4 e5 3. dxe5 Ne4 4. Nf3 Nc6 5. e3 Bb4+ 6. Nbd2 O-O 7. a3 Nxd2 8.
Bxd2 Bxd2+ 9. Qxd2 Re8 10. Be2 Nxe5 11. Nxe5 Rxe5 12. Bf3 d6 13. O-O Qf6 14.
Rad1 Rg5 15. Qe2 Rb8 16. Rd4 Qg6 17. Kh1 Be6 18. Rfd1 a5 19. b4 axb4 20. axb4 b6
21. Bc6 Rf8 22. f4 Bg4 23. Bf3 Bxf3 24. Qxf3 Rh5 25. g4 Rh4 26. Rg1 Qh6 27. Qg3
Rh3 28. Qf2 Re8 29. g5 Qe6 {White resigns} 0-1

[Event "Team 45 45 League T68"]
[Site "Internet Chess Club"]
[Date "2016.03.18"]
[Round "2"]
[White "Lrn2Mate"]
[Black "chess2009"]
[Result "1/2-1/2"]
[WhiteElo "1623"]
[BlackElo "1731"]
[Opening "QGD: classical variation (5.Bf4)"]
[ECO "D37"]
[Time "15:02:14"]
[TimeControl "2700+45"]

1. d4 e6 2. c4 d5 3. Nc3 Nf6 4. Nf3 Be7 5. Bf4 O-O 6. e3 b6 7. cxd5 exd5 8. Bd3
Be6 9. O-O c5 10. Ne5 Nbd7 11. Nc6 Qe8 12. Nxe7+ Qxe7 13. h3 Rac8 14. dxc5 bxc5
15. Rc1 Rfe8 16. Ba6 Rc6 17. Bb7 Rb6 18. Nxd5 Nxd5 19. Bxd5 Bxd5 20. Qxd5 Rxb2
21. Bd6 Qe6 22. Qxe6 fxe6 23. Bxc5 Nxc5 24. Rxc5 Rxa2 25. Rc7 Rf8 26. Rd1 Rfxf2
27. Rd8+ Rf8 28. Rdd7 Rff2 29. Rxg7+ Kf8 30. Kh1 Ra1+ 31. Kh2 Raa2 32. Kg1 Rfe2
33. Rxh7 Rxg2+ 34. Kf1 Raf2+ 35. Ke1 Re2+ 36. Kd1 Kg8 37. Rhd7 Ref2 38. Rd8+ Rf8
39. Rxf8+ Kxf8 40. Rxa7 Rg3 41. Ke2 Rxh3 42. Kd3 Rh4 43. e4 e5 44. Ra5 Rh5 45.
Kc4 Kf7 46. Kd5 Kf6 47. Ra6+ Ke7 48. Re6+ Kd7 49. Rxe5 Rxe5+ 50. Kxe5 Ke7 51.
Kf5 Kf7 {Game drawn by mutual agreement} 1/2-1/2

[Event "Team 45 45 League T68"]
[Site "Internet Chess Club"]
[Date "2016.03.20"]
[Round "2"]
[White "santiagoelawad"]
[Black "zap2"]
[Result "1/2-1/2"]
[WhiteElo "1980"]
[BlackElo "1783"]
[Opening "King's Indian: fianchetto, classical variation"]
[ECO "E67"]
[Time "10:09:51"]
[TimeControl "2700+45"]

1. g3 g6 2. Bg2 Bg7 3. c4 d6 4. Nc3 Nf6 5. Nf3 Nbd7 6. O-O O-O 7. d4 e5 8. b3
Re8 9. Bb2 Qe7 10. e4 c6 11. d5 cxd5 12. cxd5 Nc5 13. Qe2 a5 14. Ba3 b6 15. Bxc5
bxc5 16. Nd2 Ba6 17. Nc4 Nd7 18. Rfb1 Nb6 19. Bf1 Nxc4 20. bxc4 Reb8 21. Nb5
Bxb5 22. cxb5 a4 23. a3 Qc7 24. Qc4 Bh6 25. Bd3 Bd2 26. Ra2 Qa5 27. Rc2 Rb6 28.
Rd1 Bg5 29. Kg2 Rab8 30. Rb2 h5 31. h4 Bh6 32. Qc2 Bg7 33. Rdb1 Bh6 34. Bc4 Kg7
35. Qd3 Kg8 36. Rf1 Bg7 37. Rbb1 Rf8 38. Rb2 Rfb8 39. Rfb1 Bh6 40. Rc2 Qa7 41.
Qc3 Ra8 42. Rcb2 Rab8 43. Rf1 Bg7 44. Qd2 Kh7 45. Rfb1 Bf6 46. Rc2 Ra8 47. Kg1
Qd7 48. Qe2 Qh3 49. Qf1 Qg4 50. Qe2 Qh3 51. Qf3 Kg7 52. Bf1 Qd7 53. Kh2 Rab8 54.
Rcb2 Qb7 55. Qc3 Qa7 56. Be2 Kg8 57. Rf1 Kg7 58. Bc4 Ra8 59. Rbb1 Rab8 60. Rb2
Ra8 61. Bd3 Rab8 62. Rfb1 Ra8 63. Bc2 Kg8 64. Bd1 Kg7 65. Be2 Rab8 66. Bd3 Ra8
67. Qd2 Rc8 68. Bc4 Rcb8 69. Rf1 Ra8 70. Rbb1 Rab8 71. Qc3 Ra8 72. Kg2 Rab8 73.
Qe1 Ra8 74. Kh2 Rab8 75. Qc3 {Game drawn by mutual agreement} 1/2-1/2

[Event "Team 45 45 League T68"]
[Site "Internet Chess Club"]
[Date "2016.03.20"]
[Round "2"]
[White "bradleyguo175"]
[Black "kabindra"]
[Result "1/2-1/2"]
[WhiteElo "1680"]
[BlackElo "1771"]
[Opening "QGD: Marshall defense"]
[ECO "D06"]
[Time "19:30:35"]
[TimeControl "2700+45"]

1. d4 d5 2. c4 Nf6 3. cxd5 Nxd5 4. e4 Nb6 5. Nc3 e6 6. Nf3 Be7 7. Be3 O-O 8. Be2
N8d7 9. O-O Nf6 10. Qc2 c6 11. h3 Bd7 12. Rac1 Rc8 13. Ne5 Be8 14. Rfd1 Nfd7 15.
Nc4 Nxc4 16. Bxc4 b5 17. Bb3 a5 18. Nxb5 Nf6 19. Nc3 Nh5 20. Na4 Bd7 21. Nc5
Bxc5 22. Qxc5 Nf6 23. f3 h6 24. Bf4 Nh7 25. Bd6 Re8 26. e5 Nf8 27. Bc4 Ra8 28.
Bd3 Qg5 29. Re1 Ng6 30. Bxg6 Qxg6 31. a4 Rec8 32. Ra1 f6 33. b4 fxe5 34. dxe5
axb4 35. Qxb4 c5 36. Bxc5 Qc2 37. Rec1 Rxa4 38. Rxc2 Rxb4 39. Bxb4 Rxc2 40. Ra8+
Kh7 41. Ra7 Rc1+ 42. Kh2 Rd1 43. Bd6 Bc6 44. Kg3 Rd4 45. Rc7 Ba4 46. Kf2 Bb5 47.
Ke3 Rd3+ 48. Ke4 Rd2 49. g4 Kg8 50. h4 Ba4 51. Ke3 Rd5 52. Re7 Bb3 53. Rxe6 Rd3+
54. Kxd3 Bxe6 55. Ke4 g6 56. Kf4 Kf7 57. h5 g5+ 58. Kg3 Kg7 59. f4 gxf4+ 60.
Kxf4 Kf7 61. g5 hxg5+ 62. Kxg5 Bc4 63. h6 Bd3 64. Kf4 Ke6 65. Ke3 Bb1 66. Kd4
Bf5 67. Kc5 Be4 68. Kb6 Kd7 69. Bf8 Bf5 70. Bg7 Be4 {Game drawn by mutual
agreement} 1/2-1/2

[Event "Team 45 45 League T68"]
[Site "Internet Chess Club"]
[Date "2016.03.20"]
[Round "2"]
[White "pcvan"]
[Black "Patter"]
[Result "0-1"]
[WhiteElo "1437"]
[BlackElo "1596"]
[Opening "Sicilian: closed"]
[ECO "B23"]
[Time "19:04:50"]
[TimeControl "2700+45"]

1. e4 c5 2. Nc3 a6 3. f4 b5 4. Nf3 Bb7 5. g3 e6 6. Bg2 d5 7. exd5 exd5 8. O-O
Be7 9. d3 Nf6 10. Re1 O-O 11. Ne5 Nc6 12. Qf3 Nd4 13. Qf2 {White resigns} 0-1

[Event "Team 45 45 League T68"]
[Site "Internet Chess Club"]
[Date "2016.03.20"]
[Round "2"]
[White "drsigmund1"]
[Black "Andressa"]
[Result "0-1"]
[WhiteElo "1470"]
[BlackElo "1442"]
[Opening "Queen's bishop game"]
[ECO "D02"]
[Time "20:07:54"]
[TimeControl "2700+45"]

1. d4 d5 2. Nf3 Nf6 3. Bf4 e6 4. e3 Nbd7 5. Bd3 Bd6 6. Ne5 O-O 7. Nd2 c5 8. c3
c4 9. Bc2 Qc7 10. Nxd7 Bxd7 11. Bg5 Be7 12. e4 h6 13. Bf4 Qxf4 14. e5 Ng4 15.
Nf3 h5 16. h3 Nxf2 17. Kxf2 f6 18. Rf1 fxe5 19. dxe5 Bc5+ 20. Ke2 Qe3# {White
checkmated} 0-1

[Event "Team 45 45 League T68"]
[Site "Internet Chess Club"]
[Date "2016.03.17"]
[Round "2"]
[White "ticopatzer"]
[Black "JefferyChess"]
[Result "1/2-1/2"]
[WhiteElo "1728"]
[BlackElo "1846"]
[Opening "Ruy Lopez: exchange variation, Alapin gambit"]
[ECO "C68"]
[Time "21:30:47"]
[TimeControl "2700+45"]

1. e4 e5 2. Nf3 Nc6 3. Bb5 a6 4. Bxc6 dxc6 5. O-O Bg4 6. h3 h5 7. c3 Qf6 8. d4
Bxf3 9. Qxf3 Qxf3 10. gxf3 exd4 11. cxd4 Nf6 12. Nc3 Bb4 13. Ne2 O-O-O 14. Bg5
Be7 15. Rac1 Kb8 16. Rfd1 h4 17. Nf4 Rde8 18. Ng2 Nh5 19. Bxe7 Rxe7 20. Rc5 g6
21. Kf1 Ng7 22. Ke2 Ne6 23. Rc4 g5 24. Ke3 f5 25. e5 Rd8 26. f4 c5 27. d5 Nxf4
28. Nxf4 Rxe5+ 29. Kf3 gxf4 30. Rxc5 Rd6 31. Rd4 Kc8 32. Rxf4 b6 33. Rc2 Rexd5
34. Rxh4 Rd3+ 35. Ke2 Rd7 36. Rh5 f4 37. Rf5 Rxh3 38. Rxf4 Re7+ 39. Kd2 Kb7 40.
a4 Rh2 41. b4 Rh1 42. Rcc4 Ra1 43. b5 Ra2+ 44. Kd3 Ra3+ 45. Kd4 Rd7+ 46. Ke4 Ra2
47. Ke3 Ra1 48. Rfd4 Ra3+ 49. Ke2 Ra2+ 50. Ke3 Re7+ 51. Re4 Ra3+ 52. Ke2 Rf7 53.
Rf4 axb5 54. axb5 Ra2+ 55. Ke3 Re7+ 56. Rfe4 Ra3+ 57. Ke2 Rh7 58. Rh4 Rg7 59.
Rhg4 Rd7 60. Rge4 Rb3 61. Rb4 Rh3 62. Rh4 Re7+ 63. Rhe4 Reh7 64. Re3 Rh2 65.
Rbe4 R7h5 66. Re5 Rxe5 67. Rxe5 Kc8 68. Ke3 Kd7 69. f4 Kd6 70. Rg5 c5 71. bxc6
Kxc6 72. Rg1 Rc2 73. f5 Kd5 {Game drawn by mutual agreement} 1/2-1/2

[Event "Team 45 45 League T68"]
[Site "Internet Chess Club"]
[Date "2016.03.21"]
[Round "2"]
[White "Bizzy-Ketty"]
[Black "rayonline53"]
[Result "0-1"]
[WhiteElo "1609"]
[BlackElo "1496"]
[Opening "Vienna game"]
[ECO "C25"]
[Time "16:00:31"]
[TimeControl "2700+45"]

1. e4 e5 2. Nc3 Bc5 3. Bc4 Nf6 4. d3 d6 5. Bg5 c6 6. Qd2 Nbd7 7. O-O-O a5 8. f4
b5 9. fxe5 dxe5 10. Nxb5 cxb5 11. Bxb5 Qb6 12. Bxf6 Be3 13. Bxd7+ Bxd7 14. Bxg7
Bxd2+ 15. Rxd2 Rg8 16. Bxe5 Qe6 17. Bc3 Qxa2 18. Rf2 a4 19. Kd2 Qe6 20. Bd4 a3
21. bxa3 Rxa3 22. Nf3 Ra2 23. Ne5 Ba4 24. Rc1 Qh6+ 25. Be3 Qxh2 26. Nxf7 Rxg2
27. Nd6+ Kd7 28. Ke2 Rxf2+ 29. Bxf2 Kxd6 30. Kf3 Qh5+ {White resigns} 0-1

[Event "Team 45 45 League T68"]
[Site "Internet Chess Club"]
[Date "2016.03.20"]
[Round "2"]
[White "evan7284"]
[Black "viktory"]
[Result "1-0"]
[WhiteElo "1706"]
[BlackElo "1676"]
[Opening "Torre attack (Tartakower variation)"]
[ECO "D03"]
[Time "16:01:59"]
[TimeControl "2700+45"]

1. d4 d5 2. Nf3 Nf6 3. Bg5 Ne4 4. Bf4 c5 5. e3 Nc6 6. c3 Qb6 7. Qb3 c4 8. Qxb6
axb6 9. Nbd2 Nxd2 10. Nxd2 b5 11. e4 e6 12. g3 b4 13. Bg2 bxc3 14. bxc3 Ra5 15.
Bc7 Rb5 16. a4 Rb2 17. exd5 exd5 18. Bxd5 Nxd4 19. Nxc4 Nc2+ 20. Kd1 Nxa1 21.
Nxb2 Be6 22. Re1 Kd7 23. Bxe6+ fxe6 24. Be5 Nb3 25. Kc2 Na5 26. Nd3 Nc6 27. Bf4
Be7 28. Ne5+ Nxe5 29. Bxe5 Bf6 30. Bxf6 gxf6 31. Rb1 Kc6 32. f4 Ra8 33. Kb3 Kc5
34. Re1 Re8 35. Rd1 Re7 36. g4 Kc6 37. Kc4 h5 38. g5 fxg5 39. fxg5 Rg7 40. Rg1
h4 41. g6 h3 42. Kd4 Kd6 43. Ke4 e5 44. Kf5 e4 45. Kf6 Rg8 46. Kf7 Rc8 47. g7
Rc7+ 48. Kf6 Rxg7 49. Kxg7 Kc5 50. Rg3 Kc4 51. Rxh3 b6 52. Re3 Kd5 53. h4 Ke5
54. h5 Kf4 55. Rxe4+ Kxe4 56. h6 Kd3 57. h7 Kxc3 58. h8=Q Kd4 59. Kf7+ Ke4 60.
Ke6 Kd3 61. Kd5 b5 62. axb5 Ke3 63. Qe5+ Kf3 64. Kd4 Kg4 65. Ke4 Kh3 66. Kf3 Kh4
67. Qf6+ Kh5 68. Qf5+ Kh6 69. b6 Kg7 70. b7 Kh6 71. b8=R Kg7 72. Rb7+ Kg8 73.
Qf7+ Kh8 74. Rb8# {Black checkmated} 1-0

[Event "Team 45 45 League T68"]
[Site "Internet Chess Club"]
[Date "2016.03.20"]
[Round "2"]
[White "EFXBT"]
[Black "werty"]
[Result "1-0"]
[WhiteElo "1513"]
[BlackElo "1587"]
[Opening "QGD Slav: 4.e3"]
[ECO "D11"]
[Time "14:38:19"]
[TimeControl "2700+45"]

1. d4 d5 2. c4 c6 3. Nf3 Nf6 4. e3 Bg4 5. Qb3 Qb6 6. Ne5 Qxb3 7. axb3 Bh5 8. f3
Nbd7 9. g4 Nxe5 10. dxe5 Bxg4 11. fxg4 Nxg4 12. cxd5 cxd5 13. e6 fxe6 14. Bb5+
Kd8 15. Bd2 a6 16. Ke2 Rc8 17. Ba5+ Rc7 18. Rc1 {Black resigns} 1-0

[Event "Team 45 45 League T68"]
[Site "Internet Chess Club"]
[Date "2016.03.18"]
[Round "2"]
[White "alexping"]
[Black "Ptzz"]
[Result "0-1"]
[WhiteElo "1904"]
[BlackElo "2060"]
[Opening "Queen's pawn game"]
[ECO "E10"]
[Time "12:40:57"]
[TimeControl "2700+45"]

1. d4 Nf6 2. c4 e6 3. Nf3 c5 4. e3 d5 5. Nc3 Nc6 6. Be2 a6 7. b3 cxd4 8. exd4
Bb4 9. Bd2 Ne4 10. Rc1 Qa5 11. Nxe4 dxe4 12. Bxb4 Qxb4+ 13. Nd2 Nxd4 14. O-O f5
15. Bh5+ g6 16. Nxe4 e5 17. Nf6+ Kf7 18. Nd5 Qd6 19. Re1 gxh5 20. Qxh5+ Qg6 21.
Qh4 Nf3+ {White resigns} 0-1

[Event "Team 45 45 League T68"]
[Site "Internet Chess Club"]
[Date "2016.03.18"]
[Round "2"]
[White "Capt-Morgan"]
[Black "Holzschlange"]
[Result "1/2-1/2"]
[WhiteElo "1895"]
[BlackElo "1844"]
[Opening "Réti opening"]
[ECO "A04"]
[Time "20:00:33"]
[TimeControl "2700+45"]

1. Nf3 e6 2. d4 d5 3. g3 c5 4. c3 Nc6 5. Bg2 Nf6 6. O-O h6 7. Nbd2 Bd6 8. Qc2
Qc7 9. e4 cxd4 10. cxd4 dxe4 11. Nxe4 Nxe4 12. Qxe4 Ne7 13. Bd2 Bd7 14. Ne5 Nd5
15. Nxd7 Qxd7 16. Rac1 O-O 17. Qg4 Nf6 18. Qf3 Nd5 19. Qg4 {Game drawn by mutual
agreement} 1/2-1/2

[Event "Team 45 45 League T68"]
[Site "Internet Chess Club"]
[Date "2016.03.18"]
[Round "2"]
[White "ShootStraight"]
[Black "JJ12"]
[Result "1-0"]
[WhiteElo "1953"]
[BlackElo "2132"]
[Opening "QGD: Tartakower (Makagonov-Bondarevsky) system, 8.cd Nxd5"]
[ECO "D59"]
[Time "19:09:51"]
[TimeControl "2700+45"]

1. d4 Nf6 2. c4 e6 3. Nf3 d5 4. Nc3 Be7 5. Bg5 O-O 6. e3 h6 7. Bh4 b6 8. cxd5
Nxd5 9. Bxe7 Qxe7 10. Be2 Bb7 11. O-O Nd7 12. Nxd5 exd5 13. Rc1 c5 14. Bb5 Nf6
15. Re1 c4 16. a3 a6 17. Ba4 b5 18. Bc2 Nd7 19. Nd2 f5 20. f4 a5 21. Nf3 Rf6 22.
Ne5 Nb6 23. Qh5 Bc8 24. Kh1 Be6 25. Rg1 Raf8 26. g4 fxg4 27. h3 Qe8 28. Qh4 gxh3
29. Rg3 Nc8 30. Rcg1 R8f7 31. Nxf7 Qxf7 32. Rxg7+ Qxg7 33. Qxf6 {Black resigns}
1-0

[Event "Team 45 45 League T68"]
[Site "Internet Chess Club"]
[Date "2016.03.19"]
[Round "2"]
[White "LarsenB"]
[Black "Crisco"]
[Result "1-0"]
[WhiteElo "1882"]
[BlackElo "1750"]
[Opening "Nimzovich-Larsen attack: English variation"]
[ECO "A01"]
[Time "10:14:37"]
[TimeControl "2700+45"]

1. b3 c5 2. Bb2 Nc6 3. e3 d5 4. Bb5 Bd7 5. f4 Nf6 6. Nf3 a6 7. Bxc6 Bxc6 8. Ne5
Qc7 9. O-O Nd7 10. d3 Nxe5 11. Bxe5 Qd7 12. Nd2 O-O-O 13. f5 f6 14. Bg3 e6 15.
fxe6 Qxe6 16. e4 dxe4 17. Nc4 Bb5 18. Re1 Bxc4 19. bxc4 Qc6 20. Qg4+ Qd7 21.
Qxe4 Bd6 22. Bxd6 Qxd6 23. Qf5+ Qd7 24. Qxc5+ Qc7 25. Qxc7+ Kxc7 26. Re7+ Rd7
27. Rae1 Rd8 28. Kf2 Rxe7 29. Rxe7+ Rd7 30. Rxd7+ Kxd7 31. Ke3 Ke6 32. Ke4 Kd6
33. d4 b6 34. a4 a5 35. g4 g6 36. h4 h6 37. h5 f5+ 38. gxf5 gxh5 39. d5 h4 40.
f6 Kd7 41. Kf4 h3 42. Kg3 h2 43. Kxh2 Ke8 44. d6 h5 45. Kh3 h4 46. Kxh4 Kf7 47.
d7 b5 48. cxb5 Kxf6 49. d8=Q+ Kf5 50. b6 {Black resigns} 1-0

[Event "Team 45 45 League T68"]
[Site "Internet Chess Club"]
[Date "2016.03.18"]
[Round "2"]
[White "JefferyChess"]
[Black "passedpawn"]
[Result "1-0"]
[WhiteElo "1861"]
[BlackElo "1818"]
[Opening "Sicilian: Hungarian variation"]
[ECO "B34"]
[Time "19:30:31"]
[TimeControl "2700+45"]

1. e4 c5 2. Nf3 g6 3. d4 cxd4 4. Nxd4 Bg7 5. Nc3 Nc6 6. Be3 Nf6 7. Be2 O-O 8.
Nb3 d6 9. f3 Be6 10. Qd2 Ne5 11. Nd4 Bc4 12. f4 Bxe2 13. fxe5 dxe5 14. Ndxe2 Qc8
15. O-O Ng4 16. Rad1 f5 17. Nd5 Rf7 18. h3 Nxe3 19. Qxe3 Qxc2 20. Nec3 f4 21.
Qc5 e6 22. Ne7+ Kh8 23. Rf2 {Black resigns} 1-0

[Event "Team 45 45 League T68"]
[Site "Internet Chess Club"]
[Date "2016.03.17"]
[Round "2"]
[White "justice02"]
[Black "charles-allen"]
[Result "0-1"]
[WhiteElo "1623"]
[BlackElo "1841"]
[Opening "Petrov: Nimzovich attack"]
[ECO "C42"]
[Time "21:30:36"]
[TimeControl "2700+45"]

1. e4 e5 2. Nf3 Nf6 3. Nxe5 d6 4. Nf3 Nxe4 5. Nc3 Nxc3 6. dxc3 Be7 7. Nd4 Nd7 8.
Be3 O-O 9. Qd2 Ne5 10. Be2 Re8 11. h3 Bd7 12. O-O c5 13. Nf3 Bc6 14. Nxe5 dxe5
15. Rad1 Qc7 16. c4 Rad8 17. Qc1 Bd6 18. f3 b6 19. c3 e4 20. f4 f5 21. a3 Re6
22. b4 Rh6 23. b5 Bb7 24. Rd2 Rf8 25. Qd1 Rff6 26. a4 Qe7 27. Bh5 Bc8 28. Rdf2
Be6 29. Be2 Rfg6 30. Kh2 Bc7 31. Rg1 Qh4 32. Kh1 Rg3 33. Rgf1 Rxh3+ {White
resigns} 0-1